 Dungeon Crawl Stone Soup version 0.29.1-12-g30fa7ad0bf (webtiles) character file.

Game seed: 4124477985117237979

11 sanboga the Chopper (level 2, -3/27 HPs)
             Began as a Minotaur Berserker on Dec 26, 2022.
             Was a Follower of Trog.
             Succumbed to a kobold's poison
             ... on level 1 of the Dungeon.
             The game lasted 00:00:19 (323 turns).

sanboga the Chopper (Minotaur Berserker)             Turns: 323, Time: 00:00:20

Health: -3/27      AC:  2    Str: 21    XL:     2   Next: 17%
Magic:  1/1        EV: 12    Int:  4    God:    Trog [*.....]
Gold:   11         SH:  0    Dex:  9    Spells: 1/1 levels left

rFire   . . .      SeeInvis .   a - +0 hand axe
rCold   . . .      Faith    .   (no shield)
rNeg    . . .      Spirit   .   b - +0 animal skin
rPois   .          Reflect  .   (helmet restricted)
rElec   .          Harm     .   (no cloak)
rCorr   .          Rampage  .   (no gloves)
Will    .....                   (no boots)
Stlth   +.........              (no amulet)
HPRegen 0.09/turn               (no ring)
MPRegen 0.07/turn               (no ring)

@: lethally poisoned (-3 -> -21)
A: horns 2, retaliatory headbutt
a: Renounce Religion, Berserk


You were on level 1 of the Dungeon.
You worshipped Trog.
Trog was aware of your devotion.
You visited 1 branch of the dungeon, and saw 1 of its levels.

You collected 11 gold pieces.

Inventory:

Hand Weapons
 a - a +0 hand axe (weapon)
Armour
 b - a +0 animal skin (worn)


   Skills:
 + Level 3.8 Fighting
 * Level 4.1 Axes
 + Level 2.7 Armour
 - Level 2.1 Dodging


You had one spell level left.
You didn't know any spells.
Your spell library was empty.

Dungeon Overview and Level Annotations

Branches:
Dungeon (1/15)

Altars:


Innate Abilities, Weirdness & Mutations

You have a pair of horns on your head.
You reflexively headbutt those who attack you in melee.


Message History

Trog accepts your kill.
The frilled lizard hisses angrily.
You hear a shout!
A kobold comes into view. It is wielding a +2 dagger of venom.
The kobold shouts!
You see here a giant cockroach corpse.
The frilled lizard misses you.
You miss the frilled lizard. The frilled lizard barely misses you.
The frilled lizard misses you.
You slash the frilled lizard!
You kill the frilled lizard!
Trog accepts your kill.
You hit the kobold but do no damage. Your headbutt misses the kobold.
The kobold hits you with a +2 dagger of venom.
You are poisoned.
You barely miss the kobold.
You feel very sick. The kobold barely misses you.
You closely miss the kobold.
You feel sick.
The kobold hits you with a +2 dagger of venom.
You are lethally poisoned!
You hit the kobold.
The kobold is moderately wounded.
You feel very sick.
The kobold hits you with a +2 dagger of venom.
* * * LOW HITPOINT WARNING * * *
You are more poisoned.
You are too injured to fight recklessly!
You are too injured to fight recklessly!
There is a lethal amount of poison in your body!
You aren't carrying any potions.
As you read the scroll labelled DOTATS QUUMP, it crumbles to dust.
It is a scroll of amnesia.
You feel forgetful for a moment.
* * * LOW HITPOINT WARNING * * *
You feel very sick. The kobold barely misses you.
You barely miss the kobold. You headbutt the kobold.
You kill the kobold!
Trog accepts your kill.
You die...

########## ........
#......# #......#
#......# #......#
#..)...+ #..@...#
#..†...# #_# #......#
##.###......#
######PPP##......###
#...#PPPPP#.........#
####...#PP.PP#.#######..
#......#PPPPP#.# .
#......#PPPPP#.#


There were no monsters in sight!

Vanquished Creatures
  A dart slug (D:1)
  A ball python (D:1)
  A giant cockroach (D:1)
  A hobgoblin (D:1)
  2 kobolds (D:1)
  A quokka (D:1)
  A frilled lizard (D:1)
  2 rats (D:1)
10 creatures vanquished.

Notes
Turn   | Place    | Note
-------+----------+-------------------------------------------
     0 | D:1      | sanboga the Minotaur Berserker began the quest for the Orb.
     0 | D:1      | Reached XP level 1. HP: 19/19 MP: 0/0
   133 | D:1      | Reached skill level 4 in Axes
   258 | D:1      | Reached XP level 2. HP: 27/27 MP: 1/1
   265 | D:1      | Found a faded altar of an unknown god.
   322 | D:1      | HP: 1/27 [poisoned by a kobold]
   323 | D:1      | Succumbed to a kobold's poison

Illustrated notes

Levels and vault maps discovered:
D:1:      spicycebolla_green_bress_n_ham_2, layout_basic,
          shapermc_ecumenical_altar_flowoftime, minmay_stone_trees_medium,
          glass_columns_a, minmay_cupped

Skill      XL: |  1 |
---------------+----+-----
Axes           | 4 |  4.1
Fighting       | |  3.8
Armour         | |  2.7
Dodging        | |  2.1

Action                   || total
-------------------------++-------
Melee: Hand axe          ||    24
       Headbutt          ||     3
  Use: Scroll            ||     1
Armor: Animal skin       ||     1
Dodge: Dodged            ||    12
